 Dungeon Crawl Stone Soup version 0.17-b1-25-g6d8775f (webtiles) character file.

903 tp1 the Thaumaturge (level 7, -1/54 HPs)
             Began as a Deep Elf Wizard on Nov 5, 2015.
             Splashed by a jelly's acid (6 damage)
             ... on level 7 of the Dungeon.
             The game lasted 00:26:27 (7698 turns).

tp1 the Thaumaturge (Deep Elf Wizard)               Turns: 7698, Time: 00:26:27

Health: -1/54      AC: 15    Str:  4    XL:     7   Next: 80%
Magic:  4/21       EV:  2    Int: 25    God:
Gold:   245        SH:  0    Dex: 13    Spells: 5 memorised, 13 levels left

rFire  . . .     SeeInvis .     g - +0 short sword
rCold  . . .     Clarity  .     (armour currently unavailable)
rNeg   + + +     SustAt   .     (no shield)
rPois  +         Gourm    .     (helmet currently unavailable)
rElec  .         Spirit   .     (cloak currently unavailable)
rCorr  .         Warding  .     (gloves currently unavailable)
rMut   .         NoTele   +     (boots currently unavailable)
MR     .....                    u - amulet of faith
Stlth  +++.......               (no ring)
                                (no ring)

@: tree-form, corroded equipment, repel missiles, not resistant to hostile
enchantments, fairly stealthy
A: no striking features
a: no special abilities


You were on level 7 of the Dungeon.
You were not hungry.
You were a tree.
You visited 1 branch of the dungeon, and saw 7 of its levels.

You collected 245 gold pieces.

Inventory:

Hand Weapons
 g - a +0 short sword (weapon)
Missiles
 e - 10 javelins (quivered)
Armour
 a - a +0 robe
 b - a +0 hat (melded)
 f - a +0 leather armour (melded)
 h - a +0 pair of gloves (melded)
 k - a cursed +0 pair of boots (melded)
 r - a +0 cloak (melded)
Jewellery
 t - a cursed ring of loudness {unknown}
 u - an amulet of faith (around neck)
 v - a +5 ring of strength {unknown}
 A - an uncursed amulet of resist mutation {unknown}
Wands
 F - a wand of teleportation (4)
Scrolls
 j - a scroll of teleportation {unknown}
 m - 7 scrolls of identify {unknown}
 q - a scroll of enchant weapon {unknown}
 s - 2 scrolls of remove curse {unknown}
 w - a scroll of enchant armour {unknown}
 x - 2 scrolls of fear {unknown}
 y - a scroll of amnesia {unknown}
 G - a scroll of magic mapping {unknown}
 I - a scroll of blinking {unknown}
Potions
 i - a potion of flight
 n - a potion of lignification
 o - a potion of invisibility {unknown}
 z - 2 potions of heal wounds {unknown}
 B - a potion of berserk rage {unknown}
 C - a potion of magic {unknown}
 D - a potion of ambrosia {unknown}
 E - a potion of agility {unknown}
 H - 2 potions of haste {unknown}
Books
 c - a book of Minor Magic

   Spells                             Type                      Level
   a - Magic Dart                     Conjuration                  1
   b - Blink                          Translocation                2
   c - Call Imp                       Summoning                    2
   d - Repel Missiles                 Charms/Air                   2
   e - Slow                           Hexes                        2
   f - Conjure Flame                  Conjuration/Fire             3
   g - Mephitic Cloud                 Conjuration/Poison/Air       3
Comestibles
 d - 6 bread rations
 J - 2 chunks of flesh


   Skills:
 - Level 2.4 Dodging
 - Level 2.4 Stealth
 + Level 9.3 Spellcasting
 - Level 4.0 Conjurations
   Level 1.1 Summonings
   Level 1.1 Translocations
 - Level 5.0 Fire Magic
 - Level 1.0 Air Magic
 - Level 1.2 Poison Magic


You had 13 spell levels left.
You knew the following spells:

 Your Spells              Type           Power        Failure   Level  Hunger
a - Magic Dart            Conj           ####         1%          1    None
b - Conjure Flame         Conj/Fire      ####....     2%          3    None
c - Mephitic Cloud        Conj/Pois/Air  ###.....     10%         3    None
d - Repel Missiles        Chrm/Air       ##....       10%         2    None
e - Slow                  Hex            ##......     10%         2    None


Dungeon Overview and Level Annotations

Branches:
Dungeon (7/15)
 Temple: D:4-7

Altars:

Shops:
D:4 %

Annotations:
D:4 Menkaure


Message History

The jelly hits you but does no damage.
Casting: Mephitic Cloud
Confirm with . or Enter, or press ? or * to list all spells.
Aiming: Magic Dart
Press: ? - help, Shift-Dir - straight line, f - jelly
Aim: a jelly (lightly wounded)
The magic dart hits the jelly.
The jelly is heavily wounded.
The jelly hits you but does no damage.
Casting: Magic Dart
Confirm with . or Enter, or press ? or * to list all spells.
Aiming: Magic Dart
Press: ? - help, Shift-Dir - straight line, f/p - jelly
Aim: a jelly (heavily wounded)
The magic dart hits the jelly.
The jelly is severely wounded.
The jelly hits you.
* * * LOW HITPOINT WARNING * * *
You are splashed with acid!
The acid burns!
You die...

###+####.
#J...KK..
#♣..KKK..
#######..


You could see a big kobold (confused), a jelly and 4 kobolds.

Vanquished Creatures
  An ogre (D:5)
  A centaur (D:5)
  2 big kobolds (D:6)
  2 scorpions
  2 crimson imps
  2 orc wizards (D:4)
  An iguana (D:5)
  4 worker ants
  Jessica (D:3)
  A hound skeleton (D:6)
  A worker ant zombie (D:5)
  9 adders
  A shadow imp (D:6)
  An ooze (D:4)
  2 adder skeletons
  2 adder zombies (D:6)
  4 worms
  14 orcs
  3 ball pythons
  7 bats
  6 giant cockroaches
  7 goblins
  6 hobgoblins
  4 jackals
  8 kobolds
  4 quokkas
  3 giant geckos
  4 giant newts
  2 quokka skeletons (D:4)
  A quokka zombie (D:5)
  11 rats
117 creatures vanquished.

Notes
Turn   | Place    | Note
--------------------------------------------------------------
     0 | D:1      | tp1 the Deep Elf Wizard began the quest for the Orb.
     0 | D:1      | Reached XP level 1. HP: 10/10 MP: 7/7
   193 | D:1      | Reached XP level 2. HP: 15/15 MP: 2/9
   874 | D:1      | Reached XP level 3. HP: 19/19 MP: 7/10
  1904 | D:2      | Learned a level 3 spell: Conjure Flame
  1908 | D:2      | Learned a level 3 spell: Mephitic Cloud
  2703 | D:3      | Reached skill level 1 in Fire Magic
  2712 | D:3      | Reached XP level 4. HP: 24/24 MP: 2/12
  2912 | D:3      | Reached skill level 1 in Air Magic
  3141 | D:3      | Reached skill level 1 in Poison Magic
  3149 | D:3      | Noticed Jessica
  3169 | D:3      | Killed Jessica
  3392 | D:3      | Reached XP level 5. HP: 28/28 MP: 10/13
  4445 | D:4      | Noticed Menkaure
  4814 | D:4      | Found Foboeb's Food Emporium.
  5162 | D:4      | Reached XP level 6. HP: 28/32 MP: 9/14
  5164 | D:4      | Reached skill level 5 in Fire Magic
  5408 | D:5      | Entered Level 5 of the Dungeon
  5656 | D:5      | Reached skill level 5 in Spellcasting
  5695 | D:5      | Learned a level 2 spell: Repel Missiles
  5698 | D:5      | Learned a level 2 spell: Slow
  5879 | D:5      | Reached skill level 6 in Spellcasting
  6083 | D:5      | Reached skill level 7 in Spellcasting
  6083 | D:5      | Reached XP level 7. HP: 36/36 MP: 6/19
  7134 | D:5      | Reached skill level 8 in Spellcasting
  7316 | D:6      | Reached skill level 9 in Spellcasting
  7656 | D:6      | Noticed a hill giant
  7698 | D:7      | Splashed by a jelly's acid

Action                   |  1- 3 |  4- 6 |  7- 9 || total
-------------------------+-------+-------+-------++-------
Melee: Unarmed           |     3 |       |       ||     3
       Short sword       |       |     4 |    16 ||    20
Throw: Javelin           |       |     3 |       ||     3
 Cast: Magic Dart        |   116 |   130 |    87 ||   333
       Conjure Flame     |     1 |     7 |     5 ||    13
       Mephitic Cloud    |       |     3 |     3 ||     6
       Repel Missiles    |       |       |     1 ||     1
  Use: Potion            |       |       |     5 ||     5
  Eat: Chunk             |     5 |     5 |     6 ||    16
       Bread ration      |       |     1 |       ||     1
